 Dungeon Crawl Stone Soup version 0.14.0-9-g9c5475a (webtiles) character file.

96 RogerD the Magician (level 3, 0/26 HPs)
             Began as a Demonspawn Wanderer on Apr 13, 2014.
             Slain by an adder (4 damage)
             ... on Level 2 of the Dungeon.
             The game lasted 00:14:20 (1002 turns).

RogerD the Magician (Demonspawn Wanderer)           Turns: 1002, Time: 00:14:20

HP   0/26        AC  4     Str 13      XL: 3   Next: 10%
MP   3/7         EV  9     Int 15      God:
Gold 64          SH  7     Dex 10      Spells:  1 memorised,  6 levels left

rFire  . . .     SeeInvis .     a - +2 hand axe
rCold  . . .     Clarity  .     e - +1 leather armour
rNeg   + . .     Conserve .     b - +0 buckler
rPois  .         rCorr    .     (no helmet)
rElec  .         rRot     +     (no cloak)
SustAb . .       Spirit   .     (no gloves)
rMut   .         Warding  +     (no boots)
Saprov + . .     Stasis   .     p - amulet of warding {unknown}
MR     .....                    (no ring)
                                (no ring)

@: lethally poisoned, very slightly contaminated, not resistant to hostile
enchantments, unstealthy
A: foul stench 1, saprovore 1
a: no special abilities


You were on level 2 of the Dungeon.
You were not hungry.

You visited 1 branch of the dungeon, and saw 2 of its levels.

You collected 64 gold pieces.

Inventory:

Hand weapons
 a - a +2,+2 hand axe (weapon)
 f - a cursed -3,-2 club
 i - a +0,+1 vampiric dagger
Armour
 b - a +0 buckler (worn)
 c - a +0 robe
 e - a +1 leather armour (worn)
Comestibles
 d - 2 bread rations
 j - an apple
 o - a rotting chunk of adder flesh
 s - 3 chunks of hobgoblin flesh
 u - a chunk of rat flesh
Jewellery
 p - an amulet of warding (around neck) {unknown}
Potions
 g - a potion of magic {unknown}
 k - a potion of paralysis {unknown}
 r - a potion of heal wounds {unknown}


   Skills:
 + Level 1.5 Fighting
 + Level 1.4 Axes
 + Level 1.1 Armour
 + Level 0.3 Dodging
 + Level 1.1 Stealth
 + Level 1.0 Shields
 + Level 2.5 Spellcasting
 + Level 0.4 Conjurations
   Level 1.0 Hexes
   Level 1.7 Translocations
 + Level 0.1 Fire Magic


You had 6 spell levels left.
You knew the following spells:

 Your Spells              Type           Power        Failure   Level  Hunger
a - Flame Tongue          Conj/Fire      #....        30%         1    #......


Dungeon Overview and Level Annotations

Branches:
Dungeon (2/15)

Altars:


Innate Abilities, Weirdness & Mutations

You emit a foul stench, and are resistant to rotting and decay.
You can tolerate rotten meat.


Message History

You feel sick. The adder bites you but does no damage.
As you read the scroll labeled GUNWUF ALATO, it crumbles to dust.
It is a scroll of identify.
Identify which item? (\ to view known items) (? for menu, Esc to quit)
q - a scroll of immolation The adder barely misses you.
You block the adder's attack.
Read which item? (? for menu, Esc to quit)
As you read the scroll of immolation, it crumbles to dust.
The creatures around you are filled with an inner flame!
You block the adder's attack.
Read which item? (? for menu, Esc to quit)
As you read the scroll labeled XYGAGR EFUEDOSK, it crumbles to dust.
It is a scroll of enchant armour.
Enchant which item? (? for menu, Esc to quit)
As you read the scroll labeled XYGAGR EFUEDOSK, it crumbles to dust.
Your +0 leather armour glows green for a moment.
* * * LOW HITPOINT WARNING * * *
You feel sick. You block the adder's attack. The adder bites you.
You die...

#.#########.#
#.#.......#.#
######.#.#####.#.#
#...........##.#.#
#...........##.#.#
#...........##.#.#
##############.#.#
################
#.#.#
#.......(@((((.#
#.#.#
#.....).S#####.#
#.#.# ........# #.#
#.#.# ........# #.#
#.#.# ......... #.#
#.#.# .....).# #.#
#.#.# ......# #.#
#.#.# ###### #.#
#.#.#
.....###.#######.#.#


You could see an adder (inner flame).

Vanquished Creatures
  An adder (D:2)
  2 bats (D:1)
  A giant cockroach (D:1)
  3 hobgoblins
  2 giant newts (D:1)
  6 goblins
  4 kobolds
  6 rats
25 creatures vanquished.

Notes
Turn   | Place    | Note
--------------------------------------------------------------
     0 | D:1      | RogerD, the Demonspawn Wanderer, began the quest for the Orb.
     0 | D:1      | Reached XP level 1. HP: 15/15 MP: 4/4
   157 | D:1      | Gained mutation: You can tolerate rotten meat. [demonic ancestry]
   157 | D:1      | Reached XP level 2. HP: 5/21 MP: 6/6
   876 | D:2      | Gained mutation: You emit a foul stench, and are resistant to rotting and decay. [demonic ancestry]
   876 | D:2      | Reached XP level 3. HP: 26/26 MP: 4/7
  1002 | D:2      | Slain by an adder

Action                   || total
-------------------------++-------
Melee: Hand axe          ||    58
 Cast: Flame Tongue      ||    16
  Use: Scroll            ||     4
